 Dungeon Crawl Stone Soup version 0.22-a0-608-g8a62e23 (webtiles) character file.

1 sking99 the Ruffian (level 1, 0/16 HPs)
             Began as a Draconian Transmuter on July 9, 2018.
             Slain by a kobold (4 damage)
             ... on level 1 of the Dungeon.
             The game lasted 00:00:17 (114 turns).

sking99 the Ruffian (Draconian Transmuter)           Turns: 114, Time: 00:00:18

Health: 0/16       AC:  4    Str: 12    XL:     1   Next: 16%
Magic:  2/3        EV: 12    Int: 13    God:
Gold:   14         SH:  0    Dex: 11    Spells: 3/4 levels left

rFire    . . .     SeeInvis .     - Unarmed
rCold    . . .     Gourm    .   (no shield)
rNeg     . . .     Faith    .   (armour unavailable)
rPois    .         Spirit   .   (helmet restricted)
rElec    .         Reflect  .   (no cloak)
rCorr    .         Harm     .   (no gloves)
MR       .....                  (no boots)
Stlth    +.........             (no amulet)
HPRegen  0.05/turn              (no ring)
MPRegen  0.08/turn              (no ring)

@: appendage (expiring)
A: unfitting armour, horns 2, cold-blooded, AC +4
a: End Transformation


You were on level 1 of the Dungeon.
You were not hungry.
You had grown temporary horns.
You visited 1 branch of the dungeon, and saw 1 of its levels.

You collected 14 gold pieces.

Inventory:

Missiles
 a - 12 arrows
Jewellery
 b - an uncursed amulet of faith {unknown}
Comestibles
 c - 2 rations


   Skills:
 + Level 1.1 Fighting
 - Level 1.7 Dodging
 * Level 3.0 Unarmed Combat
 - Level 2.0 Spellcasting
 + Level 2.0 Transmutations


You had 3 spell levels left.
You knew the following spells:

 Your Spells              Type           Power        Failure   Level  Hunger
a - Beastly Appendage     Tmut           #.....       11%         1    ##.....

Your spell library contained the following spells:

 Spells                   Type           Power        Failure   Level  Hunger
 Spider Form              Tmut/Pois      #.........   45%         3    ####...
 Blade Hands              Tmut           #.........   97%         5    ######.
 Ice Form                 Ice/Tmut       #.......     86%         4    #####..
 Sticks to Snakes         Tmut           #.......     17%         2    ###....


Dungeon Overview and Level Annotations

Branches:
Dungeon (1/15)

Altars:


Innate Abilities, Weirdness & Mutations

Your plain brown scales are hard. (AC +4)
You cannot fit into any form of body armour.
You are cold-blooded and may be slowed by cold attacks.
You have a pair of horns on your head.


Message History

You are too injured to fight recklessly!
The bat hits you but does no damage. The bat barely misses you.
There is a stone staircase leading down here.
The bat misses you. The rat bites you. The bat hits you.
* * * LOW HITPOINT WARNING * * *
You closely miss the bat. The bat misses you.
Casting: Beastly Appendage (safe; 11% risk of failure)
Confirm with . or Enter, or press ? or * to list all spells.
You grow a pair of large bovine horns.
The rat closely misses you.
You hit the rat.
You kill the rat!
Your transformation is almost over.
The bat barely misses you. The bat barely misses you.
The kobold hits you but does no damage.
You see here a rat corpse.
You closely miss the kobold. Your headbutt misses the kobold.
The kobold hits you.
You die...

.#.. #..# #..# #..######
###########........ ...
........###### # #.#
###>###.## # #. #.#
###.##...#####
#..####@###...........(.
..#....#.K.##.####...##.##
...........b........###.#
#.#....#........###.# #.#
#....##.....>..##.# #.#
#.##. #...........# #.# #
#. ##.......#### #.# ..
##.....#######.# #.
##...## #[....#


You could see a bat and a kobold.

Vanquished Creatures
  A bat (D:1)
  A rat (D:1)
2 creatures vanquished.

Notes
Turn   | Place    | Note
-------+----------+-------------------------------------------
     0 | D:1      | sking99 the Draconian Transmuter began the quest for the Orb.
     0 | D:1      | Reached XP level 1. HP: 16/16 MP: 3/3
   114 | D:1      | Slain by a kobold

Vault maps used:
D:1:      dpeg_arrival_rooms_c

Action                   || total
-------------------------++-------
Melee: Unarmed           ||    13
       Tailslap          ||     1
 Cast: Beastly Appendage ||     1
Armor: Skin              ||     8
Dodge: Dodged            ||    17

Table legend:
 A = Spawn XP
 B = Non-spawn XP
 C = Spawn XP percentage of total XP
 D = Spawn monster count
 E = Non-spawn monster count
 F = Spawn count percentage of total count
 G = Total turns spent on level
                    A         B        C        D         E        F      G
               +---------+---------+-------+---------+---------+-------+---------
         Total |       0 |       2 |   0.0 |       0 |       2 |   0.0 |   114
               +---------+---------+-------+---------+---------+-------+---------
           D:1 |       0 |       2 |   0.0 |       0 |       2 |   0.0 |   114
               +---------+---------+-------+---------+---------+-------+---------
